 Dungeon Crawl Stone Soup version 0.29.1-1-gd02db6906a (webtiles) character file.

Game seed: 5747944714204773256

341 funkygono the Cudgeller (level 6, -2/38 HPs)
             Began as a Gargoyle Fighter on Oct 18, 2022.
             Killed from afar by Ijyb (19 damage)
             ... with a bolt of light
             ... on level 4 of the Dungeon.
             The game lasted 00:04:38 (3218 turns).

funkygono the Cudgeller (Gargoyle Fighter)          Turns: 3218, Time: 00:04:39

Health: -2/38      AC: 13    Str: 22    XL:     6   Next: 56%
Magic:  6/6        EV:  9    Int:  8    God:
Gold:   101        SH:  0    Dex: 15    Spells: 5/5 levels left

rFire   . . .      SeeInvis .   l - +1 mace (protect)
rCold   . . .      Faith    .   x - +2 buckler
rNeg    + . .      Spirit   .   b - +0 scale mail
rPois   ∞          Reflect  .   (no helmet)
rElec   +          Harm     .   (no cloak)
rCorr   +          Rampage  .   h - +1 pair of gloves
Will    .....                   (no boots)
Stlth   ..........              (no amulet)
HPRegen 0.12/turn               f - ring of resist corrosion
MPRegen 0.10/turn               s - +6 ring of dexterity

@: confused
A: sickness immunity, AC +4, negative energy resistance 1, electricity
resistance, torment resistance 1, petrification resistance
a: no special abilities


You were on level 4 of the Dungeon.
You visited 1 branch of the dungeon, and saw 4 of its levels.

You collected 101 gold pieces.

Inventory:

Hand Weapons
 a - a +0 flail
 l - a +1 mace of protection (weapon)
 u - a +0 whip
 v - a +5 flail of draining
Armour
 b - a +0 scale mail (worn)
 h - a +1 pair of gloves (worn)
 x - a +2 buckler (worn)
Jewellery
 f - a ring of resist corrosion (left hand)
 s - a +6 ring of dexterity (right hand)
Wands
 c - a wand of digging (9)
Scrolls
 e - a scroll of teleportation
 j - a scroll of blinking
 t - a scroll of poison
Potions
 d - a potion of might
 g - a potion of attraction {unknown}
 i - a potion of flight {unknown}
 k - 2 potions of heal wounds {unknown}
 m - a potion of berserk rage {unknown}
 n - a potion of resistance {unknown}
 o - 3 potions of invisibility
 p - a potion of degeneration {unknown}
 q - a potion of mutation {unknown}
 r - a potion of lignification {unknown}


   Skills:
 + Level 4.0 Fighting
 + Level 5.0 Maces & Flails
 + Level 4.5 Armour
 + Level 0.6 Dodging
 + Level 0.4 Stealth
 + Level 4.1 Shields


You had 5 spell levels left.
You didn't know any spells.
Your spell library contained the following spells:

 Spells                   Type           Power      Damage    Failure   Level
 Call Canine Familiar     Summ           0%         N/A       99%         3
 Portal Projectile        Hex/Tloc       0%         N/A       99%         3
 Leda's Liquefaction      Hex/Erth       0%         N/A       100%        4


Dungeon Overview and Level Annotations

Branches:
Dungeon (4/15)
 Temple: D:4-7

Altars:
Wu Jian
Yredelemnul

Annotations:
D:4 Ijyb


Innate Abilities, Weirdness & Mutations

You are immune to sickness and miasma.
Your stone body is resilient. (AC +4)
You are immune to poison.
You resist negative energy. (rN+)
You are resistant to electric shocks. (rElec)
You are resistant to unholy torment.
You are immune to petrification.


Message History

You block the ball python's attack. The ball python grabs you.
The ball python constricts you.
You hit the ball python.
Your weapon exudes an aura of protection.
You kill the ball python!
You see here a ball python corpse.
An ogre comes into view. It is wielding a +0 giant spiked club.
Found 15 gold pieces.
The ogre shouts!
You hear a shout!
You see here a black potion.
Ijyb the Twisted Goblin comes into view.
She is wielding a +0 dagger and carrying a wand of light (10).
Ijyb shouts!
You barely miss the ogre. You block the ogre's attack.
You sock the ogre!
Your weapon exudes an aura of protection.
The ogre is moderately wounded.
The ogre hits you with a +0 giant spiked club!
You hit the ogre.
The ogre is heavily wounded.
The ogre closely misses you.
You hit the ogre.
The ogre is heavily wounded.
The ogre closely misses you.
You hit the ogre.
The ogre is severely wounded.
You thump the ogre!
The ogre is almost dead.
You block the ogre's attack.
You sock the ogre!
You kill the ogre!
Ijyb hits you but does no damage.
Your Fighting skill increases to level 4!
Your Maces & Flails skill increases to level 5!
You closely miss Ijyb.
Ijyb zaps a wand.
The bolt of light hits you.
You barely miss Ijyb. You block Ijyb's attack.
You miss Ijyb.
Ijyb zaps a wand.
The bolt of light misses you.
You closely miss Ijyb.
Ijyb zaps a wand.
The bolt of light hits you!!
You are confused.
Ouch! That really hurt!
You die...

...... ....$ .... ... ..
#+# .# #.#######g#
#.#...†.@.#
#.#######.#.#######
...................
#########.#........
#..........#### +#.##.#
#######..#....# ........
#.##..#.##.# ........
#.##..#..... ........
#.#.....#..#.#............


You could see Ijyb.

Vanquished Creatures
  Edmund (D:4)
  An ogre (D:4)
  4 adders
  2 worms (D:3)
  8 dart slugs
  9 ball pythons
  5 bats
  9 endoplasms
  6 giant cockroaches
  7 goblins
  7 hobgoblins
  4 jackals (D:1)
  6 quokkas
  4 frilled lizards
  9 kobolds
  10 rats
92 creatures vanquished.

Notes
Turn   | Place    | Note
-------+----------+-------------------------------------------
     0 | D:1      | funkygono the Gargoyle Fighter began the quest for the Orb.
     0 | D:1      | Reached XP level 1. HP: 14/14 MP: 1/1
    68 | D:1      | Reached XP level 2. HP: 17/19 MP: 2/2
   421 | D:1      | Reached XP level 3. HP: 23/23 MP: 3/3
   988 | D:2      | Found a basalt altar of Yredelemnul.
  1155 | D:2      | Reached XP level 4. HP: 23/28 MP: 4/4
  1617 | D:2      | Found a faded altar of an unknown god.
  1697 | D:2      | Reached skill level 3 in Maces & Flails
  2362 | D:3      | Reached XP level 5. HP: 33/33 MP: 5/5
  2637 | D:3      | Found an ornate altar of the Wu Jian Council.
  2938 | D:4      | Reached skill level 4 in Maces & Flails
  2947 | D:4      | Noticed Edmund
  2960 | D:4      | Killed Edmund
  2961 | D:4      | Reached XP level 6. HP: 15/38 MP: 6/6
  3205 | D:4      | Noticed Ijyb
  3215 | D:4      | Reached skill level 5 in Maces & Flails
  3218 | D:4      | Killed from afar by Ijyb

Illustrated notes

Levels and vault maps discovered:
D:1:      dpeg_arrival_leaves_temple_mockup, layout_loops_ring, serial_glass,
          glass_columns_a, glass_columns_a
D:2:      layout_basic, basic_altar, shapermc_ecumenical_altar_acropolis,
          minmay_hexomino_p4
D:3:      minmay_diamond_boxcup, layout_loops_corners,
          pdpol_wu_jian_five_deadly_venoms
D:4:      layout_basic, demons_altar, uniq_edmund, uniq_ijyb

Skill      XL: |  1  2  3  4  5  6 |
---------------+-------------------+-----
Armour         | 4 |  4.5
Maces & Flails | 3 4 5 |  5.0
Shields        | 4 |  4.1
Fighting       | 4 |  4.0
Dodging        | |  0.6
Stealth        | |  0.4

Action                   |  1- 3 |  4- 6 || total
-------------------------+-------+-------++-------
Melee: Flail             |    58 |       ||    58
       Mace              |    71 |   151 ||   222
  Use: Scroll            |     4 |     4 ||     8
Armor: Scale mail        |    63 |    84 ||   147
Dodge: Dodged            |    64 |    64 ||   128
Block: Buckler           |    30 |    46 ||    76
